 Dungeon Crawl Stone Soup version 0.27.0-1-g7a089689b8 (webtiles) character file.

Game seed: 2549340726970326897

33 jasper the Magician (level 3, 0/24 HPs)
             Began as a Demonspawn Hedge Wizard on Aug 8, 2021.
             Succumbed to a goblin's poison
             ... on level 2 of the Dungeon.
             The game lasted 00:02:29 (2118 turns).

jasper the Magician (Demonspawn Hedge Wizard)       Turns: 2118, Time: 00:02:29

Health: 0/24       AC:  2    Str: 10    XL:     3   Next: 12%
Magic:  5/7        EV: 12    Int: 16    God:
Gold:   13         SH:  0    Dex: 12    Spells: 0/8 levels left

rFire    . . .     SeeInvis .   g - +0 hunting sling
rCold    . . .     Faith    .   (no shield)
rNeg     . . .     Spirit   .   b - +0 robe
rPois    .         Reflect  .   c - +0 hat
rElec    .         Harm     .   (no cloak)
rCorr    .         Rampage  .   (no gloves)
Will     .....                  (no boots)
Stlth    ++........             (no amulet)
HPRegen  0.08/turn              (no ring)
MPRegen  0.10/turn              (no ring)

@: lethally poisoned (0 -> -13)
A: foul stench 1
a: no special abilities


You were on level 2 of the Dungeon.
You visited 1 branch of the dungeon, and saw 2 of its levels.

You collected 13 gold pieces.

Inventory:

Hand Weapons
 a - a +0 dagger
 g - a +0 hunting sling (weapon)
Missiles
 h - 30 stones (quivered ammo)
Armour
 b - a +0 robe (worn)
 c - a +0 hat (worn)
Jewellery
 d - an amulet of faith
Scrolls
 e - a scroll of magic mapping
 f - a scroll of enchant armour
 k - a scroll of identify


   Skills:
 - Level 1.7 Dodging
 - Level 1.7 Stealth
 - Level 3.0 Spellcasting
 - Level 2.1 Conjurations
 + Level 2.4 Summonings
 - Level 0.8 Translocations


You couldn't memorise any spells.
You knew the following spells:

 Your Spells              Type           Power      Damage    Failure   Level
a - Magic Dart            Conj           36%        1d4       8%          1
b - Call Imp              Summ           10%        N/A       11%         2
c - Blink                 Tloc           N/A        N/A       21%         2
d - Conjure Flame         Conj/Fire      5%         6-21      36%         3

Your spell library contained the following spells:

 Spells                   Type           Power      Damage    Failure   Level
 Slow                     Hex            2%         N/A       28%         2
 Mephitic Cloud           Conj/Pois/Air  4%         N/A       38%         3


Dungeon Overview and Level Annotations

Branches:
Dungeon (2/15)

Altars:


Innate Abilities, Weirdness & Mutations

You may rarely emit foul miasma when damaged in melee.


Message History

You shoot a stone. The stone hits the goblin.
The goblin shouts!
The goblin is heavily wounded.
You shoot a stone. The stone closely misses the goblin.
h - 33 stones (gained 1)
A goblin is nearby!
You shoot a stone. The stone closely misses the goblin.
The goblin barely misses you.
You shoot a stone. The stone closely misses the goblin.
The goblin hits you with a +0 dagger of venom.
You are poisoned.
A jackal comes into view.
The goblin hits you with a +0 dagger of venom.
You are more poisoned.
You shoot a stone. The stone closely misses the goblin.
The jackal barks!
You feel very sick. The goblin hits you but does no damage.
You are lethally poisoned!
Casting: Magic Dart (safe; 8% risk of failure)
Confirm with . or Enter, or press ? or * to list all spells.
A shadowy apparition takes form in the air.
You feel very sick. The goblin hits you but does no damage.
You swap places.
* * * LOW HITPOINT WARNING * * *
You feel very sick.
The goblin hits your shadow imp with a +0 dagger of venom.
Your shadow imp barely misses the goblin.
You aren't carrying any potions.
As you read the scroll labelled EHUUKUEMN, it crumbles to dust.
You assume a fearsome visage.
The goblin looks frightened!
The jackal looks frightened!
It was a scroll of fear.
* * * LOW HITPOINT WARNING * * *
You feel very sick.
As you read the scroll labelled KUHE CESITUI, it crumbles to dust.
Your body is wracked with pain!
* * * LOW HITPOINT WARNING * * *
The goblin convulses!
It was a scroll of torment.
You die...

.............#
#.#.#............
#.#.##.##.##.#
#.#.#....#####.##
#.#......>##.#
#.#.#.#...###.#.#
#.####.#####.#
#.#.####....†###. ...
...#
#.####.#...#...###.#.#
#.####.#
..##...#.#....## ##.##
... ..#
#.#.##.#...##.#.# ####
#.# #.#
........†.###.#.#######.
#.# ##.###@#.#
#.#......... # #...#.#
#.########## #5###.# ##
......... .g. ..#
.#######. #.#( ##.# #<
#(.(. #.# #. ## #. #.#
#. ## [.# #. #.. ..


You could see a goblin (fleeing, ally target) and a friendly shadow imp
(summoned).

Vanquished Creatures
  A dart slug (D:1)
  A ball python (D:1)
  3 endoplasms
  3 giant cockroaches (D:1)
  5 goblins
  2 hobgoblins (D:1)
  A jackal (D:1)
  A quokka (D:1)
  2 bats
  3 frilled lizards
  2 kobolds
  3 rats
27 creatures vanquished.

Vanquished Creatures (others)
  A jackal (D:1)
1 creature vanquished.

Grand Total: 28 creatures vanquished

Notes
Turn   | Place    | Note
-------+----------+-------------------------------------------
     0 | D:1      | jasper the Demonspawn Hedge Wizard began the quest for the
                  | Orb.
     0 | D:1      | Reached XP level 1. HP: 13/13 MP: 4/4
   542 | D:1      | Gained mutation: You may rarely emit foul miasma when
                  | damaged in melee. [demonic ancestry]
   542 | D:1      | Reached XP level 2. HP: 19/19 MP: 1/6
   545 | D:1      | Learned a level 2 spell: Call Imp
   548 | D:1      | Learned a level 2 spell: Blink
   640 | D:1      | Found a faded altar of an unknown god.
  1966 | D:2      | Reached XP level 3. HP: 24/24 MP: 7/7
  1970 | D:2      | Learned a level 3 spell: Conjure Flame
  2118 | D:2      | Succumbed to a goblin's poison

Illustrated notes

Levels and vault maps discovered:
D:1:      saegor_arrival_simple_d, layout_basic,
          shapermc_ecumenical_altar_starsandcircs, serial_co_window_serial,
          co_window_paths_a, co_window_cross_1, co_window_paths_a,
          co_window_of_opportunity_a, co_window_paths_a, co_window_paths_a,
          co_window_corner_a, co_window_paths_b, co_window_cross_1,
          co_window_unsneaky_path_a, co_window_2corner, co_window_broadway_b,
          co_window_corner_ca, glass_columns_a, glass_columns_b,
          glass_columns_c, glass_columns_c
D:2:      layout_loops_ring, serial_co_window_serial, co_window_paths_a,
          co_window_paths_b, co_window_of_opportunity_a, co_window_paths_a,
          co_window_paths_b, co_window_corner_a, co_window_corner_a,
          co_window_of_opportunity_b, co_window_broadway_c, co_window_corner_b,
          co_window_corner_b, co_window_sun, glass_columns_c,
          minmay_indecisive_spiral, uniq_terence, uniq_natasha,
          uniq_crazy_yiuf_cottage

Skill      XL: |  1  2 |
---------------+-------+-----
Conjurations   | 2 |  2.1
Summonings     | 2 |  2.4
Dodging        | |  1.7
Stealth        | |  1.7
Spellcasting   | |  3.0
Translocations | |  0.8

Action                   || total
-------------------------++-------
Melee: Dagger            ||    24
 Fire: Hunting sling     ||    25
 Cast: Magic Dart        ||    40
       Call Imp          ||     2
  Use: Scroll            ||     5
Armor: Robe              ||     8
Dodge: Dodged            ||    26
